 Dungeon Crawl Stone Soup version 0.29-a0-847-g24c0ca63c9 (webtiles) character file.

Game seed: 15704265294673353756

158 Malachi the Slasher (level 5, 0/41 HPs)
             Began as a Barachi Warper on July 16, 2022.
             Slain by a goblin
             ... wielding a +0 club
             ... led by Robin
              (2 damage)
             ... on level 2 of the Dungeon.
             The game lasted 00:02:18 (2237 turns).

Malachi the Slasher (Barachi Warper)                Turns: 2237, Time: 00:02:19

Health: 0/41       AC:  3    Str: 12    XL:     5   Next: 39%
Magic:  8/8        EV: 12    Int: 14    God:
Gold:   59         SH:  0    Dex: 13    Spells: 7/9 levels left

rFire   + . .      SeeInvis .   a - +0 falchion
rCold   . . .      Faith    .   (no shield)
rNeg    . . .      Spirit   .   b - +0 leather armour
rPois   .          Reflect  .   (no helmet)
rElec   .          Harm     .   (no cloak)
rCorr   .          Rampage  .   (no gloves)
Will    .....                   (no boots)
Stlth   +.........              (no amulet)
HPRegen 0.13/turn               m - ring of protection from fire
MPRegen 0.11/turn               (no ring)

@: slow
A: amphibious, slowness 1, strong legs 1, +LOS
a: Hop


You were on level 2 of the Dungeon.
You visited 1 branch of the dungeon, and saw 2 of its levels.

You collected 59 gold pieces.

Inventory:

Hand Weapons
 a - a +0 falchion (weapon)
Armour
 b - a +0 leather armour (worn)
Jewellery
 m - a ring of protection from fire (left hand)
Scrolls
 c - a scroll of blinking
 f - 3 scrolls of teleportation {unknown}
 j - a scroll of acquirement {unknown}
 k - 2 scrolls of identify {unknown}
 n - a scroll of fear {unknown}
 o - a scroll of summoning {unknown}
Potions
 d - a potion of berserk rage {unknown}
 e - 3 potions of might {unknown}
 g - 2 potions of heal wounds {unknown}
 h - a potion of flight {unknown}
 i - 2 potions of degeneration {unknown}
 l - a potion of brilliance {unknown}


   Skills:
 + Level 3.0 Fighting
 + Level 4.2 Long Blades
 + Level 1.3 Throwing
 + Level 2.6 Armour
 + Level 2.8 Dodging
 + Level 0.6 Stealth
 + Level 2.5 Spellcasting
 + Level 3.8 Translocations


You had 7 spell levels left.
You knew the following spells:

 Your Spells              Type           Power      Damage    Failure   Level
a - Blink                 Tloc           24%        N/A       9%          2

Your spell library contained the following spells:

 Spells                   Type           Power      Damage    Failure   Level
 Gell's Gravitas          Tloc           12%        N/A       17%         3
 Lesser Beckoning         Tloc           12%        N/A       17%         3
 Teleport Other           Tloc           12%        N/A       17%         3
 Summon Small Mammal      Summ           4%         N/A       28%         1
 Call Canine Familiar     Summ           1%         N/A       65%         3
 Summon Guardian Golem    Hex/Summ       1%         N/A       65%         3
 Manifold Assault         Tloc           12%        N/A       85%         5


Dungeon Overview and Level Annotations

Branches:
Dungeon (2/15)

Altars:

Shops:
D:1 [

Annotations:
D:2 Robin


Innate Abilities, Weirdness & Mutations

You are amphibious.
You cover ground slowly.
You can hop short distances.
You have an extended range of vision and can be seen from far away.


Message History

The goblin shoots a sling bullet.
The sling bullet closely misses you.
You hit the hobgoblin.
You kill the hobgoblin!
Robin throws the goblin at you!
The goblin unwields a +0 sling.
The goblin wields a +0 club.
The goblin hits you but does no damage.
You slash the goblin!
You kill the goblin!
Robin closely misses you.
A hobgoblin comes into view.
Robin roars a battlecry!
The hobgoblin goes into a battle-frenzy!
You hear a shout!
You see here a hobgoblin corpse.
You closely miss Robin.
The hobgoblin shouts!
Robin zaps a wand.
The puff of flame hits you. You resist.
You barely miss Robin.
Robin zaps a wand.
The puff of flame hits you. You resist.
A goblin comes into view. It is wielding a +0 club.
You are too injured to fight recklessly!
You are too injured to fight recklessly!
You are too injured to fight recklessly!
You hit Robin.
Robin is lightly wounded.
Robin throws the goblin at you! The goblin barely misses you.
You hit Robin but do no damage.
Robin is lightly wounded.
Robin hits you with a +0 trident. The goblin hits you with a +0 club.
* * * LOW HITPOINT WARNING * * *
You barely miss Robin.
Robin is lightly wounded.
Robin closely misses you. The goblin closely misses you.
You hit the goblin.
The goblin is severely wounded.
Robin barely misses you. The goblin hits you with a +0 club.
* * * LOW HITPOINT WARNING * * *
Robin hits you from afar with a +0 trident.
* * * LOW HITPOINT WARNING * * *
The goblin hits you with a +0 club.
You die...

#.# #.###...##
#.# #.##.###.##
#.# #.#.## ##.#
#.# #...# #.# #.#
###.## ##.# #.#
##.###.##
#.########)...#
#.#.$....)....#.#
#.......@g#####.#
#########†# #.#
#g# #.# ..# #.#
##.# #.. #.# #..
#.. .. #.. ###


You could see Robin and a goblin (strong).

Vanquished Creatures
  A phantom (D:1)
  Jessica (D:2)
  An adder (D:2)
  A worm (D:2)
  2 ball pythons
  5 endoplasms
  2 giant cockroaches
  8 goblins
  6 hobgoblins (D:2)
  5 jackals
  2 kobolds
  A quokka (D:2)
  A frilled lizard (D:2)
  A rat (D:2)
37 creatures vanquished.

Notes
Turn   | Place    | Note
-------+----------+-------------------------------------------
     0 | D:1      | Malachi the Barachi Warper began the quest for the Orb.
     0 | D:1      | Reached XP level 1. HP: 17/17 MP: 3/3
   164 | D:1      | Reached XP level 2. HP: 17/23 MP: 5/5
   442 | D:1      | Learned a level 2 spell: Blink
   468 | D:1      | Found a faded altar of an unknown god.
   566 | D:1      | Found Tawn's Antique Armour Shop.
  1166 | D:2      | Reached skill level 3 in Long Blades
  1166 | D:2      | Reached XP level 3. HP: 15/28 MP: 6/6
  1356 | D:2      | Noticed a phantom
  1404 | D:1      | Killed a phantom
  1405 | D:1      | Reached XP level 4. HP: 5/34 MP: 7/7
  1677 | D:2      | Noticed Jessica
  1684 | D:2      | Killed Jessica
  1685 | D:2      | Reached skill level 4 in Long Blades
  1685 | D:2      | Reached XP level 5. HP: 30/40 MP: 8/8
  2195 | D:2      | Noticed Robin
  2237 | D:2      | HP: 2/41 [Robin/+0 trident (4)]
  2237 | D:2      | Slain by a goblin

Illustrated notes

Levels and vault maps discovered:
D:1:      dpeg_arrival_arbitrary_a, layout_loops_corners,
          hellmonk_ecumenical_altar_slurped_away, serial_shops,
          nicolae_shop_trees, hangedman_abyss_or_decor_stabs,
          minmay_tetromino_l2
D:2:      layout_loops_ring, kennysheep_generic_room_4, uniq_jessica, uniq_robin

Skill      XL: |  1  2  3  4  5 |
---------------+----------------+-----
Long Blades    | 3 4 |  4.2
Armour         | 2 |  2.6
Fighting       | 3 |  3.0
Throwing       | |  1.3
Dodging        | |  2.8
Stealth        | |  0.6
Spellcasting   | |  2.5
Translocations | |  3.8

Action                   |  1- 3 |  4- 6 || total
-------------------------+-------+-------++-------
Melee: Falchion          |    49 |    82 ||   131
       Punch             |     1 |       ||     1
Throw: Boomerang         |     7 |       ||     7
 Cast: Blink             |     1 |       ||     1
 Abil: Hop               |     1 |       ||     1
Armor: Leather armour    |    11 |    25 ||    36
Dodge: Dodged            |    24 |    54 ||    78

Table legend: (Time is in decaauts)
 A = Elapsed time spent in this place.
 B = Non-inter-level travel time spent in this place.
 C = Inter-level travel time spent in this place.
 D = Time resting spent in this place.
 E = Time spent auto-exploring this place.
 F = Levels seen in this place.
 G = Mean time per level.
                   A        B        C        D        E       F      G
               +--------+--------+--------+--------+--------+-----+--------+
         Total |   2457 |   2445 |     12 |    424 |   1688 |   2 | 1228.5 |
       Dungeon |   2457 |   2445 |     12 |    424 |   1688 |   2 | 1228.5 |
               +--------+--------+--------+--------+--------+-----+--------+

Top non-repeatable levels by time:
     D:1: 1600 daAuts
     D:2: 856 daAuts
